 Dungeon Crawl Stone Soup version 0.25.1-9-gc5326a611f (webtiles) character file.

Game seed: 5181650014309863961

3366 funkygono the Grappler (level 9, -8/83 HPs)
             Began as a Troll Fighter on Dec 28, 2020.
             Was a Priest of Okawaru.
             Mangled by Gastronok (37 damage)
             ... on level 8 of the Dungeon.
             The game lasted 00:12:55 (6572 turns).

funkygono the Grappler (Troll Fighter)              Turns: 6572, Time: 00:12:56

Health: -8/83      AC:  7    Str: 28    XL:     9   Next: 73%
Magic:  8/8        EV: 10    Int:  4    God:    Okawaru [***...]
Gold:   453        SH: 11    Dex: 10    Spells: 8/8 levels left

rFire    . . .     SeeInvis .     - Unarmed
rCold    . . .     Gourm    +   b - +1 kite shield
rNeg     . . .     Faith    .   m - +1 robe
rPois    .         Spirit   .   (helmet restricted)
rElec    .         Reflect  .   (no cloak)
rCorr    .         Harm     .   (gloves unavailable)
MR       .....                  (boots unavailable)
Stlth    ++........             (no amulet)
HPRegen  0.63/turn              a - ring of wizardry
MPRegen  0.11/turn              u - ring of stealth

@: very slightly contaminated, invisible
A: large, unfitting armour, claws 3, fast metabolism 3, gourmand, regeneration
1, shaggy fur 1, tough skin 3
a: Heroism, Renounce Religion


You were on level 8 of the Dungeon.
You worshipped Okawaru.
Okawaru was most pleased with you.
You were not hungry.

You visited 2 branches of the dungeon, and saw 9 of its levels.

You collected 453 gold pieces.

Inventory:

Hand Weapons
 v - a +1 mace
Missiles
 h - 257 stones
 k - 22 poisoned darts (quivered)
 p - 11 boomerangs
 z - a throwing net
Armour
 b - a +1 kite shield (worn)
 m - a +1 robe (worn)
Jewellery
 a - a ring of wizardry (left claw)
 u - a ring of stealth (right claw)
Wands
 l - a wand of flame (16)
 o - a wand of digging (3)
 s - a wand of iceblast (10)
Scrolls
 f - a scroll of magic mapping
 g - 4 scrolls of remove curse
 w - 3 scrolls of identify
 y - 3 scrolls of amnesia
Potions
 c - 4 potions of might
 e - 2 potions of flight
 i - 4 potions of haste
 j - 2 potions of brilliance
 n - a potion of cancellation {unknown}
 q - a potion of lignification {unknown}
 r - 2 potions of resistance
 t - 2 potions of invisibility
 x - a potion of berserk rage {unknown}
 A - a potion of curing {unknown}
Comestibles
 d - 26 rations


   Skills:
 + Level 3.5 Fighting
 + Level 6.6 Throwing
 + Level 4.8 Dodging
 + Level 5.1 Shields
 + Level 8.8 Unarmed Combat
 + Level 0.2 Invocations


You had 8 spell levels left.
You didn't know any spells.
Your spell library contained the following spells:

 Spells                   Type           Power        Failure   Level  Hunger
 Animate Skeleton         Necr           N/A          45%         1    ##.....
 Apportation              Tloc           #.....       45%         1    ##.....
 Corona                   Hex            #......      45%         1    ##.....
 Magic Dart               Conj           #...         45%         1    ##.....
 Summon Small Mammal      Summ           #...         45%         1    ##.....
 Blink                    Tloc           N/A          58%         2    ###....
 Call Imp                 Summ           #.......     58%         2    ###....
 Slow                     Hex            #.......     58%         2    ###....
 Conjure Flame            Conj/Fire      #.......     80%         3    ####...
 Mephitic Cloud           Conj/Pois/Air  #.......     80%         3    ####...


Dungeon Overview and Level Annotations

Branches:
Dungeon (8/15)             Temple (1/1) D:5
   Lair: D:8-11

Altars:
Ashenzari
Cheibriados
Dithmenos
Elyvilon
Fedhas
Gozag
Hepliaklqana
Kikubaaqudgha
Makhleb
Nemelex Xobeh
Okawaru
Qazlal
Ru
Sif Muna
Trog
Uskayaw
Wu Jian
Xom
Yredelemnul
Zin
The Shining One

Shops:
D:7 !

Annotations:
D:3 exclusion: oklob plant
D:8 Gastronok


Innate Abilities, Weirdness & Mutations

You are too large for most types of armour.
You have claws for hands.
Your metabolism is lightning-fast.
You like to eat raw meat.
Your natural rate of healing is unusually fast.
You are covered in fur. (AC +1)
You have extremely tough skin. (AC +3)


Message History

Gastronok barely misses you.
You scratch Gastronok.
Gastronok is heavily wounded.
You claw Gastronok!
Gastronok is heavily wounded.
Gastronok waves his eye-stalks in wide circles.
The air twists around and strikes you!!
You claw Gastronok!
Gastronok is severely wounded.
You fade into invisibility!
Gastronok bites you.
You are very lightly contaminated with residual magic.
You claw Gastronok!
Gastronok is severely wounded.
You scratch Gastronok.
Gastronok is severely wounded.
You scratch Gastronok.
Gastronok is severely wounded.
Gastronok bites you!!!
You die...

#.# #.# #.# #.#
#.# #.# ## #.# #.#
..## #.# #.#
#.#####.###.#####
#...............#
##.#############.#
..## #@# .## #w#
.# (Z# .# #### .#
.# ##


You could see Gastronok (swift, very poisoned) and a worker ant zombie.

Vanquished Creatures
  The ghost of gruber the Protected, a novice MiFi (D:5)
  The ghost of dscm the Geomancer, a novice OpEE (D:5)
  The ghost of spanik the Covert, a novice OpAs of Dithmenos (D:5)
  A hippogriff (D:7)
  Eustachio (D:4)
  The ghost of jombi the Sneak, an amateur DsWn of Okawaru (D:4)
  Menkaure (D:4)
  A phantom (D:8)
  2 sky beasts (D:5)
  3 ogres
  3 centaurs
  A bullfrog (D:7)
  A wyvern skeleton (D:6)
  2 scorpions (D:5)
  5 wights (D:7)
  3 crimson imps
  A bullfrog skeleton (D:4)
  A jelly (D:6)
  An orc priest (D:6)
  4 orc wizards
  4 hounds
  A centaur skeleton (D:6)
  An iguana (D:7)
  2 worker ants
  A howler monkey skeleton (D:7)
  8 adders
  A shadow imp (D:8)
  3 adder skeletons
  5 worms
  2 dart slugs (D:1)
  2 leopard geckos
  14 orcs
  8 giant cockroaches
  9 goblins
  7 hobgoblins
  12 jackals
  7 quokkas
  2 ball pythons
  5 bats
  A frilled lizard (D:2)
  8 kobolds
  A leopard gecko skeleton (D:6)
  5 rats
  A fungus (D:3)
  2 plants (D:3)
147 creatures vanquished.

Notes
Turn   | Place    | Note
-------+----------+-------------------------------------------
     0 | D:1      | funkygono the Troll Fighter began the quest for the Orb.
     0 | D:1      | Reached XP level 1. HP: 22/22 MP: 0/0
    90 | D:1      | Reached XP level 2. HP: 29/29 MP: 1/1
   520 | D:2      | Reached XP level 3. HP: 29/36 MP: 2/2
   741 | D:2      | Reached XP level 4. HP: 35/44 MP: 3/3
   880 | D:2      | Found a shimmering blue altar of Sif Muna.
  1216 | D:2      | Found a shadowy altar of Dithmenos.
  1564 | D:3      | Found a white marble altar of Elyvilon.
  1569 | D:3      | Reached skill level 3 in Unarmed Combat
  1595 | D:3      | Reached skill level 1 in Throwing
  1595 | D:3      | Reached XP level 5. HP: 32/52 MP: 4/4
  1995 | D:3      | Found a blossoming altar of Fedhas.
  2008 | D:3      | Noticed an oklob plant
  2238 | D:4      | Noticed Eustachio
  2250 | D:4      | Killed Eustachio
  2250 | D:4      | Reached XP level 6. HP: 59/59 MP: 5/5
  2307 | D:4      | Reached skill level 4 in Unarmed Combat
  2402 | D:4      | Found a runed translucent gate.
  2402 | D:4      | Found a runed translucent gate.
  2402 | D:4      | Found a runed translucent gate.
  2403 | D:4      | Noticed jombi's ghost (amateur DsWn)
  2441 | D:4      | Noticed Menkaure
  2454 | D:4      | HP: 2/59 [Menkaure (22)]
  2455 | D:4      | Killed Menkaure
  2455 | D:4      | Reached XP level 7. HP: 3/66 MP: 6/6
  2943 | D:5      | Entered Level 5 of the Dungeon
  3012 | D:5      | Reached skill level 5 in Unarmed Combat
  3251 | D:5      | Found a staircase to the Ecumenical Temple.
  3252 | D:5      | Found a runed translucent gate.
  3253 | D:5      | Found a runed translucent gate.
  3254 | D:5      | Found a runed translucent gate.
  3260 | Temple   | Entered the Ecumenical Temple
  3324 | Temple   | Became a worshipper of Warmaster Okawaru
  3379 | D:5      | Noticed dscm's ghost (novice OpEE)
  3379 | D:5      | Noticed gruber's ghost (novice MiFi)
  3379 | D:5      | Noticed spanik's ghost (novice OpAs)
  3512 | D:5      | Reached XP level 8. HP: 70/75 MP: 7/7
  3980 | D:6      | Reached skill level 6 in Unarmed Combat
  4474 | D:6      | Found an opulent altar of Gozag.
  5006 | D:7      | Noticed a hippogriff
  5013 | D:7      | Killed a hippogriff
  5013 | D:7      | Reached * piety under Okawaru
  5013 | D:7      | Reached skill level 5 in Throwing
  5165 | D:7      | Reached skill level 7 in Unarmed Combat
  5449 | D:7      | Reached XP level 9. HP: 65/83 MP: 8/8
  5637 | D:7      | Found Vagykkyg's Distillery.
  5932 | D:7      | Found a shimmering altar of Xom.
  5932 | D:7      | Found a stormy altar of Qazlal.
  6178 | D:4      | Killed jombi's ghost
  6178 | D:4      | Reached ** piety under Okawaru
  6275 | D:5      | Killed dscm's ghost
  6281 | D:5      | Killed gruber's ghost
  6281 | D:5      | Reached skill level 5 in Shields
  6281 | D:5      | Reached skill level 8 in Unarmed Combat
  6292 | D:5      | Killed spanik's ghost
  6292 | D:5      | Reached *** piety under Okawaru
  6555 | D:8      | Noticed Gastronok
  6572 | D:8      | Mangled by Gastronok

Illustrated notes

Levels and vault maps discovered:
D:1:      lightli_arrival_windingriver, layout_rooms
D:2:      layout_loops_ring, lemuel_coloured_pillars_altar, old_standard_altar,
          first_ration
D:3:      layout_rooms, old_standard_altar, tgw_fedhas
D:4:      layout_rooms, gammafunk_ghost_split, uniq_menkaure, uniq_eustachio
D:5:      layout_rooms, minmay_temple_entry_wispy, gammafunk_ghost_cemetery
D:6:      layout_basic, grunt_gozag_breadcrumbs
D:7:      layout_basic, gammafunk_temple_overflow_wave, serial_shops,
          nicolae_shop_waterfront, grunt_ogre_cave
D:8:      layout_loops_ring, uniq_joseph, uniq_pikel, uniq_gastronok,
          uniq_maggie
Temple:   eino_temple_scatter_basement

Skill      XL: |  1  2  3  4  5  6  7  8  9 |
---------------+----------------------------+-----
Dodging        | 3 4 |  4.8
Shields        | 3 4 5 |  5.1
Unarmed Combat | 3 4 5 7 8 |  8.8
Throwing       | 1 2 3 4 5 6 |  6.6
Fighting       | 3 |  3.5
Invocations    | |  0.2

Action                   |  1- 3 |  4- 6 |  7- 9 || total
-------------------------+-------+-------+-------++-------
Melee: Unarmed           |   105 |   158 |   212 ||   475
Throw: Stone             |    13 |    20 |       ||    33
       Dart              |       |    50 |    90 ||   140
Invok: Heroism           |       |       |     1 ||     1
  Use: Scroll            |     4 |     6 |    10 ||    20
       Potion            |       |       |     1 ||     1
 Stab: Sleeping          |       |       |     2 ||     2
  Eat: Chunk             |    12 |    14 |    33 ||    59
Armor: Robe              |    50 |    29 |    34 ||   113
Dodge: Dodged            |    32 |    32 |    45 ||   109
Block: Kite shield       |    58 |    46 |    83 ||   187
